AoeStats
← manriqueteee

Arabia

506769691Analyzed
2v2 RM · 18d ago on Sep 15, 2026· 71m 10s· 4 players
Game mode
Random Map
Map size
Medium (4 player)
Population
200
Speed
Normal
Resources
Standard
Victory
Conquest
Starting age
Dark Age
Ending age
Imperial Age
RankedLock teamsTeams togetherTeam positionsShared explorationLock speedFull tech treeHidden civsTurbo modeCheats
Victory
Defeat
🇨🇦 Malay · Canada
975
+15
🇨🇦 Franks · Canada
974
+15
🇨🇴 Ethiopians · Colombia
971
-36
🇨🇴 Bengalis · Colombia
940
-15
AdoFan14799
8:43 Loom
11:40 Feudal Age
16:20 Castle Age
15:51 Double-Bit Axe
19:58 Bow Saw
20:54 Fletching
30:15 Gold Mining
30:10 Horse Collar
32:45 Paiks
38:17 Heavy Plow
39:22 Padded Archer Armor
41:31 Caravan
42:41 Wheelbarrow
46:34 Imperial Age
43:30 Pikeman
44:10 Squires
44:40 Bloodlines
44:33 Husbandry
46:24 Fervor
46:36 Sanctity
46:20 Devotion
46:54 Hand Cart
46:24 Town Watch
46:40 Elite Ratha (Ranged)
48:13 Town Patrol
47:50 Elite Battle Elephant
49:50 Scale Barding Armor
49:57 Forging
52:01 Iron Casting
53:42 Blast Furnace
55:39 Chain Barding Armor
58:14 Crop Rotation
68:27 Two-Man Saw
manriqueteee
8:49 Loom
11:09 Feudal Age
12:07 Double-Bit Axe
14:56 Fletching
17:23 Wheelbarrow
17:53 Padded Archer Armor
22:07 Horse Collar
26:42 Castle Age
26:52 Gold Mining
26:47 Crossbowman
27:32 Thumb Ring
31:38 Stone Mining
32:25 Gold Shaft Mining
32:10 Forging
33:10 Hand Cart
33:28 Forging
34:39 Bow Saw
36:32 Caravan
37:31 Bodkin Arrow
37:54 Leather Archer Armor
39:17 Stone Shaft Mining
43:52 Forging
43:42 Scale Mail Armor
44:43 Squires
50:47 Imperial Age
49:22 Ballistics
48:56 Heated Shot
51:43 Iron Casting
51:23 Chain Mail Armor
50:53 Arbalester
50:55 Man-at-Arms
50:56 Halberdier
51:50 Bracer
53:06 Elite Shotel Warrior
60:47 Blast Furnace
60:17 Plate Mail Armor
59:53 Scale Barding Armor
67:49 Heavy Scorpion
Mohammad Shah
0:28 Loom
11:04 Feudal Age
10:43 Double-Bit Axe
16:44 Horse Collar
22:44 Castle Age
21:35 Fletching
21:46 Padded Archer Armor
22:18 Forging
22:18 Scale Barding Armor
22:24 Forging
22:27 Elite Skirmisher
22:43 Pikeman
23:24 Squires
27:10 Husbandry
32:31 Heavy Plow
32:43 Bow Saw
33:30 Stone Mining
36:40 Iron Casting
36:01 Bodkin Arrow
37:59 Stone Shaft Mining
37:15 Gold Mining
39:37 Wheelbarrow
38:48 Town Watch
44:40 Leather Archer Armor
47:09 Imperial Age
46:38 Forced Levy
46:26 Man-at-Arms
48:00 Gold Shaft Mining
47:21 Long Swordsman
48:05 Bracer
49:05 Blast Furnace
48:24 Two-Handed Swordsman
49:51 Light Cavalry
51:04 Thumb Ring
52:21 Caravan
53:35 Halberdier
56:41 Capped Ram
58:50 Elite Karambit Warrior
63:24 Elite Battle Elephant
67:16 Crop Rotation
67:20 Ring Archer Armor
67:14 Conscription
66:27 Sappers
GreatCyrus1404
8:52 Loom
8:59 Loom
10:44 Feudal Age
12:26 Double-Bit Axe
19:19 Castle Age
19:36 Stone Mining
19:31 Elite Skirmisher
20:12 Pikeman
22:42 Wheelbarrow
23:35 Husbandry
23:45 Padded Archer Armor
29:24 Hand Cart
30:41 Scale Barding Armor
30:37 Scale Mail Armor
30:38 Gold Mining
33:04 Town Watch
32:45 Crossbowman
34:24 Caravan
39:45 Imperial Age
39:54 Cavalier
41:40 Chemistry
43:11 Paladin
44:13 Chain Barding Armor
44:08 Chain Mail Armor
44:04 Forging
45:02 Chain Mail Armor
44:38 Fletching
47:16 Plate Barding Armor
47:11 Plate Mail Armor
47:17 Iron Casting
46:59 Leather Archer Armor
47:29 Bodkin Arrow
48:51 Halberdier
55:07 Blast Furnace
56:58 Ballistics
57:43 Siege Engineers
57:49 Fortified Wall
61:21 Elite Throwing Axeman
Connection lost

Rejoining the realm…

Still unreachable

The connection could not be restored.

Session expired

The server has moved on; the page needs a fresh start.